 Dungeon Crawl Stone Soup version 0.29.0-15-g675c0067aa (webtiles) character file.

Game seed: 18268817090754398852

2 qw the Sneak (level 1, -3/14 HPs)
             Began as a Gargoyle Delver on Sept 11, 2022.
             Slain by a gnoll sergeant
             ... wielding a +0 spear
              (4 damage)
             ... on level 5 of the Dungeon.
             The game lasted 00:00:03 (332 turns).

qw the Sneak (Gargoyle Delver)                       Turns: 332, Time: 00:00:04

Health: -3/14      AC:  5    Str: 15    XL:     1   Next: 30%
Magic:  1/1        EV: 11    Int: 10    God:
Gold:   0          SH:  0    Dex: 11    Spells: 0/0 levels left

rFire   . . .      SeeInvis .   a - +0 hand axe
rCold   . . .      Faith    .   (no shield)
rNeg    + . .      Spirit   .   b - +0 leather armour
rPois   inf        Reflect  .   (no helmet)
rElec   +          Harm     .   (no cloak)
rCorr   .          Rampage  .   (no gloves)
Will    .....                   (no boots)
Stlth   +++.......              (no amulet)
HPRegen 0.04/turn               (no ring)
MPRegen 0.07/turn               (no ring)

@: no status effects
A: sickness immunity, AC +2, negative energy resistance 1, electricity
resistance, torment resistance 1, petrification resistance
a: no special abilities


You were on level 5 of the Dungeon.
You visited 1 branch of the dungeon, and saw 1 of its levels.


Innate Abilities, Weirdness & Mutations

You are immune to sickness and miasma.
Your stone body is resilient. (AC +2)
You are immune to poison.
You resist negative energy. (rN+)
You are resistant to electric shocks. (rElec)
You are resistant to unholy torment.
You are immune to petrification.


   Skills:
 - Level 3.2 Fighting
 + Level 2.0 Axes
 - Level 1.5 Dodging
 - Level 5.4 Stealth


You couldn't memorise any spells.
You didn't know any spells.
Your spell library was empty.

Inventory:

Hand Weapons
 a - a +0 hand axe (weapon)
Armour
 b - a +0 leather armour (worn)
Wands
 g - a wand of digging (3)
Scrolls
 c - a scroll of fog
 d - a scroll of magic mapping
 e - a scroll of fear
Potions
 f - a potion of haste

Dungeon Overview and Level Annotations

Branches:
Dungeon (5/15)
 Temple: D:4-7

Altars:


Message History

The orc closely misses you. The orc hits you with a +0 hand axe.
You barely miss the orc.
The orc is severely wounded.
The orc hits you with a +0 hand axe.
You hit the orc.
The orc is almost dead.
The orc hits you but does no damage.
You hit the orc.
You kill the orc!
Your Axes skill increases to level 2!
You start resting.
HP restored.
A gnoll sergeant comes into view. It is wielding a +0 spear.
Found a stone staircase leading down.
The gnoll sergeant shouts! 2 gnolls come into view.
Found 3 javelins.
You see here 6 gold pieces.
A gnoll comes into view. It is wielding a +0 club.
Found 14 gold pieces.
The gnoll sergeant barely misses you.
You barely miss the gnoll sergeant.
The gnoll shouts!
The gnoll sergeant barely misses you.
A howler monkey comes into view.
The gnoll sergeant hits you but does no damage.
The gnoll closely misses you.
The howler monkey howls!
You hit the gnoll sergeant.
The gnoll sergeant is lightly wounded.
You closely miss the gnoll. x2
The gnoll hits you with a +0 flail.
The gnoll sergeant hits you with a +0 spear.
The gnoll barely misses you.
You barely miss the gnoll sergeant.
The gnoll sergeant is lightly wounded.
You hit the gnoll but do no damage. x2; You completely miss the gnoll.
The gnoll hits you with a +0 flail. The gnoll hits you with a +0 club.
The gnoll sergeant hits you with a +0 spear.
You die...

...............##
....#...............#
.....................
.....................
.....................
.....(..#...>........
........##...).......
$.....gg###..........
......g@.$.##..^....#
...h..g..............
........#..........<.
...>.................
.....................
..............)...###
..................#
............$.....#


You could see a gnoll sergeant, a howler monkey and 3 gnolls.

Vanquished Creatures
  An orc (D:5)
1 creature vanquished.

Notes
Turn   | Place    | Note
-------+----------+-------------------------------------------
     0 | D:5      | qw the Gargoyle Delver began the quest for the Orb.
     0 | D:5      | Reached XP level 1. HP: 14/14 MP: 1/1
     0 | D:5      | 0 ||| qw: Version: 0.1-a-117-gfe26ee0
     0 | D:5      | 0 ||| qw: Game counter: 10061
     0 | D:5      | 0 ||| qw: Always use a shield: true
     0 | D:5      | 0 ||| qw: God list: Okawaru
     0 | D:5      | 0 ||| qw: Allow faded altars: false
     0 | D:5      | 0 ||| qw: Do Orc after D:15 true
     0 | D:5      | 0 ||| qw: Do second Lair branch before Depths: true
     0 | D:5      | 0 ||| qw: Lair rune preference: random
     0 | D:5      | 0 ||| qw: Plans: Normal
     0 | D:5      | 0 ||| PLANNING D:1-11
    19 | D:5      | HP: 1/14 [orc/+0 hand axe (4)]
   326 | D:5      | Noticed a gnoll sergeant
   330 | D:5      | Noticed a howler monkey
   332 | D:5      | HP: 2/14 [gnoll/+0 flail[a gnoll sergeant] (2)]
   332 | D:5      | Slain by a gnoll sergeant

Levels and vault maps discovered:
D:5:      layout_cave_pods, minmay_temple_entry_fiery

Skill      XL: |  1 |
---------------+----+-----
Axes           | 2 |  2.0
Fighting       | |  3.2
Dodging        | |  1.5
Stealth        | |  5.4

Action                   || total
-------------------------++-------
Melee: Hand axe          ||    11
Armor: Leather armour    ||     3
Dodge: Dodged            ||     7

Table legend:
 A = Non-vault XP
 B = Vault XP
 C = Vault XP percentage of total XP
 D = Non-vault monster count
 E = Vault monster count
 F = Vault count percentage of total count
                 A         B        C        D         E       F
            +---------+---------+-------+---------+---------+-------
      Total |       3 |       0 |   0.0 |       1 |       0 |   0.0
            +---------+---------+-------+---------+---------+-------
        D:5 |       3 |       0 |   0.0 |       1 |       0 |   0.0
            +---------+---------+-------+---------+---------+-------
